 Dungeon Crawl Stone Soup version 0.22.0 (webtiles) character file.

1431 Gergoth the Cleaver (level 8, 0/78 HPs)
             Began as a Minotaur Gladiator on Aug 10, 2018.
             Was a Follower of Okawaru.
             Slain by a killer bee (6 damage)
             ... on level 6 of the Dungeon.
             The game lasted 00:07:09 (5272 turns).

Gergoth the Cleaver (Minotaur Gladiator)            Turns: 5272, Time: 00:07:10

Health: 0/78       AC:  4    Str: 19    XL:     8   Next: 45%
Magic:  7/7        EV: 13    Int:  7    God:    Okawaru [*.....]
Gold:   262        SH:  0    Dex: 12    Spells: 7/7 levels left

rFire    . . .     SeeInvis .   a - +0 war axe
rCold    . . .     Gourm    .   (no shield)
rNeg     . . .     Faith    .   b - +0 leather armour
rPois    .         Spirit   .   c - +0 hat
rElec    .         Reflect  .   (no cloak)
rCorr    .         Harm     .   m - +0 pair of gloves
MR       .....                  (no boots)
Stlth    +.........             (no amulet)
HPRegen  0.23/turn              (no ring)
MPRegen  0.10/turn              (no ring)

@: lethally poisoned (0 -> -4)
A: retaliatory headbutt, horns 2
a: Heroism, Renounce Religion


You were on level 6 of the Dungeon.
You worshipped Okawaru.
Okawaru was aware of your devotion.
You were very hungry.

You visited 2 branches of the dungeon, and saw 8 of its levels.

You collected 262 gold pieces.

Inventory:

Hand Weapons
 a - a +0 war axe (weapon)
Missiles
 d - a throwing net (quivered)
Armour
 b - a +0 leather armour (worn)
 c - a +0 hat (worn)
 m - a +0 pair of gloves (worn)
 s - a +4 ring mail
Jewellery
 o - an uncursed ring of positive energy {unknown}
Scrolls
 e - 2 scrolls of amnesia {unknown}
 h - 6 scrolls of identify {unknown}
 i - a scroll of fog {unknown}
 j - 3 scrolls of magic mapping {unknown}
 k - a scroll of immolation {unknown}
 p - 3 scrolls of remove curse {unknown}
 q - 2 scrolls of blinking {unknown}
 u - 2 scrolls of enchant weapon {unknown}
 y - a scroll of teleportation {unknown}
Potions
 g - a potion of agility {unknown}
 n - 3 potions of curing {unknown}
 r - a potion of cancellation {unknown}
 t - a potion of magic {unknown}
 v - a potion of resistance {unknown}
 w - a potion of might {unknown}
 x - 3 potions of heal wounds {unknown}
Comestibles
 f - 7 rations


   Skills:
 + Level 9.2 Fighting
 + Level 9.6 Axes
 - Level 2.0 Throwing
 - Level 3.2 Dodging


You had 7 spell levels left.
You didn't know any spells.
Your spell library contained the following spells:

 Spells                   Type           Power        Failure   Level  Hunger
 Bolt of Draining         Conj/Necr      #.........   100%        5    ######.
 Dispel Undead            Necr           #.......     100%        5    ######.
 Sublimation of Blood     Necr           #.........   63%         2    ###....
 Corpse Rot               Necr           N/A          63%         2    ###....
 Stone Arrow              Conj/Erth      #.....       86%         3    ####...
 Agony                    Necr           #.......     100%        5    ######.
 Passwall                 Tmut/Erth      #.......     63%         2    ###....
 Lee's Rapid Deconstruct  Erth           #.........   100%        5    ######.
 Sandblast                Erth           #.....       50%         1    ##.....
 Excruciating Wounds      Chrm/Necr      #.........   100%        5    ######.
 Petrify                  Tmut/Erth      #.......     99%         4    #####..


Dungeon Overview and Level Annotations

Branches:
Dungeon (7/15)             Temple (1/1) D:4

Altars:
Ashenzari
Cheibriados
Dithmenos
Elyvilon
Fedhas
Gozag
Hepliaklqana
Kikubaaqudgha
Makhleb
Okawaru
Qazlal
Sif Muna
Trog
Vehumet
Wu Jian
Xom
Yredelemnul
Zin
The Shining One

Shops:
D:6 ([[

Annotations:
D:7 3 runed doors, ketsa's ghost, novice GnSk


Innate Abilities, Weirdness & Mutations

You reflexively headbutt those who attack you in melee.
You have a pair of horns on your head.


Message History

The killer bee stings you but does no damage.
You feel sick. The killer bee closely misses you.
The orc priest calls down the wrath of Beogh upon you.
Beogh smites you!
You are feeling very hungry.
You feel sick. The killer bee misses you. You furiously retaliate!
You headbutt the killer bee, but do no damage.
The killer bee stings you!
* * * LOW HITPOINT WARNING * * *
You are more poisoned.
The killer bee poisons you! The killer bee misses you.
The killer bee stings you!
* * * LOW HITPOINT WARNING * * *
Okay, then.
You feel sick. The killer bee completely misses you. You furiously retaliate!
You headbutt the killer bee! The killer bee misses you.
The killer bee stings you.
* * * LOW HITPOINT WARNING * * *
You feel sick. The killer bee stings you.
You die...

. ##### ... ##.y.#
.....###.yo.########
......o.###yy......+
......###∩###@######
....#.###+# #.# (..
..##.# #.#
#########... #.#
.......##.## #.#
...........#####.#
...............#.#
...............).#
.................#


You could see 4 killer bees, an orc priest and an orc.

Vanquished Creatures
  Edmund (D:4)
  A phantom (D:6)
  5 ogres
  2 scorpions
  2 howler monkeys (D:7)
  3 crimson imps
  2 orc priests
  A hound (D:4)
  2 orc wizards
  2 centaur skeletons (D:4)
  An iguana (D:3)
  A worker ant (D:5)
  3 gnolls (D:2)
  10 adders
  2 shadow imps
  An ooze (D:4)
  An adder skeleton (D:6)
  A dart slug (D:3)
  5 leopard geckos
  29 orcs
  6 bats
  8 goblins
  11 hobgoblins
  11 jackals
  8 kobolds
  4 quokkas
  2 ball pythons
  6 frilled lizards
  A leopard gecko zombie (D:6)
  2 quokka skeletons
  9 rats
143 creatures vanquished.

Notes
Turn   | Place    | Note
-------+----------+-------------------------------------------
     0 | D:1      | Gergoth the Minotaur Gladiator began the quest for the Orb.
     0 | D:1      | Reached XP level 1. HP: 18/18 MP: 0/0
   107 | D:1      | Reached XP level 2. HP: 25/25 MP: 1/1
   488 | D:1      | Reached XP level 3. HP: 28/31 MP: 2/2
  1298 | D:2      | Reached XP level 4. HP: 24/40 MP: 3/3
  1326 | D:2      | Reached skill level 5 in Axes
  2002 | D:3      | Reached XP level 5. HP: 35/47 MP: 4/4
  2153 | D:3      | Reached skill level 5 in Fighting
  2824 | D:3      | Reached XP level 6. HP: 43/57 MP: 5/5
  3046 | D:4      | Found an iron altar of Okawaru.
  3143 | D:4      | Found a staircase to the Ecumenical Temple.
  3173 | D:4      | Reached XP level 7. HP: 20/64 MP: 6/6
  3295 | Temple   | Entered the Ecumenical Temple
  3455 | Temple   | Became a worshipper of Warmaster Okawaru
  3498 | D:4      | You fall through a shaft for 3 floors!
  3643 | D:7      | Noticed ketsa's ghost (novice GnSk)
  3646 | D:7      | Found a runed gate.
  3648 | D:7      | Found a runed gate.
  3650 | D:7      | Found a runed gate.
  3872 | D:6      | Found Naimaf's Antique Armour Shop.
  3896 | D:6      | Found Xocoo's Antique Armour Emporium.
  3941 | D:5      | Entered Level 5 of the Dungeon
  4041 | D:5      | Reached * piety under Okawaru
  4073 | D:5      | Found a stormy altar of Qazlal.
  4074 | D:5      | Found a shadowy altar of Dithmenos.
  4075 | D:5      | Found a glowing silver altar of Zin.
  4262 | D:5      | Reached XP level 8. HP: 66/74 MP: 7/7
  4379 | D:5      | Found a snail-covered altar of Cheibriados.
  4448 | D:5      | Found a deep blue altar of Sif Muna.
  4616 | D:4      | Noticed Edmund
  4632 | D:4      | Killed Edmund
  5250 | D:6      | Found Vycva's Antique Weapon Shop.
  5272 | D:6      | Slain by a killer bee

Skill      XL: |  1  2  3  4  5  6  7  8 |
---------------+-------------------------+-----
Axes           | 4 5 6 7 8 9 |  9.6
Fighting       | 3 4 5 6 8 9 |  9.2
Throwing       | |  2.0
Dodging        | |  3.2

Action                   |  1- 3 |  4- 6 |  7- 9 || total
-------------------------+-------+-------+-------++-------
Melee: War axe           |    74 |   138 |   110 ||   322
       Headbutt          |     7 |    21 |    20 ||    48
Throw: Throwing net      |       |     2 |     2 ||     4
 Stab: Sleeping          |     1 |     1 |       ||     2
       Held in net/web   |       |       |     2 ||     2
  Eat: Chunk             |     1 |     6 |     6 ||    13
Armor: Leather armour    |    23 |    32 |    14 ||    69
Dodge: Dodged            |    50 |    98 |    72 ||   220
